Construct Section Command Post
Selects Heavy Armor Battlegroup
Selects Heavy Armor Battlegroup
Selects Light Vehicle Withdraw and Refit
Construct Platoon Command Post
Unlock M3 Stuart Light Tanks
Light Vehicle Withdraw and Refit
Selects Designate Targets
Selects Rigorous Vehicle Training
Selects Forward Repair Assembly
Construct Company Command Post
6-pounder Anti-tank Gun Team
Construct Company Command Post
Unlock M3 Grant Medium Tanks
Selects Churchill Black Prince Heavy Tank
Churchill Black Prince Heavy Tank